 Dungeon Crawl Stone Soup version 0.25-a0-366-g516bc45ae0 (webtiles) character file.

Game seed: 12491354036505699787, levelgen mode: deterministic

53 Napalmbreeze the Chiller (level 3, 0/27 HPs)
             Began as a Barachi Ice Elementalist on Jan 6, 2020.
             Killed from afar by an orc wizard (8 damage)
             ... with a magic dart
             ... on level 2 of the Dungeon.
             The game lasted 00:05:47 (1645 turns).

Napalmbreeze the Chiller (Barachi Ice Elementalist) Turns: 1645, Time: 00:05:48

Health: 0/27       AC:  2    Str:  8 (9)  XL:     3   Next: 89%
Magic:  7/7        EV: 12    Int: 20 (21) God:
Gold:   69         SH:  0    Dex: 10 (12) Spells: 3/7 levels left

rFire    . . .     SeeInvis .   j - +0 club
rCold    . . .     Gourm    .   (no shield)
rNeg     . . .     Faith    .   a - +0 robe
rPois    .         Spirit   .   (no helmet)
rElec    .         Reflect  .   (no cloak)
rCorr    .         Harm     .   (no gloves)
MR       .....                  (no boots)
Stlth    ++........             (no amulet)
HPRegen  0.09/turn              h - ring of flight
MPRegen  0.10/turn              (no ring)

@: brilliant, can't hop, slow
A: +LOS, swims, slowness 1, strong legs 1
a: Hop, Evoke Flight


You were on level 2 of the Dungeon.
You were not hungry.

You visited 1 branch of the dungeon, and saw 2 of its levels.

You collected 69 gold pieces.

Inventory:

Hand Weapons
 j - a +0 club (weapon)
Armour
 a - a +0 robe (worn)
Jewellery
 h - a ring of flight (left hand)
 k - an uncursed ring of poison resistance
Scrolls
 b - a scroll of teleportation {unknown}
 d - 5 scrolls of identify {unknown}
 e - a scroll of remove curse {unknown}
 g - a scroll of blinking {unknown}
 m - a scroll of fear {unknown}
 o - a scroll of enchant armour {unknown}
 p - a scroll of magic mapping {unknown}
Comestibles
 c - 2 rations
 n - a chunk of flesh


   Skills:
 + Level 1.8 Fighting
 - Level 2.1 Dodging
 - Level 1.7 Stealth
 + Level 2.7 Spellcasting
 * Level 5.7 Ice Magic


You had 3 spell levels left.
You knew the following spells:

 Your Spells              Type           Power        Failure   Level  Hunger
a - Freeze                Ice            ####         1%          1    None
q - Ozocubu's Armour      Chrm/Ice       ####....     1%          3    ###....

Your spell library contained the following spells:

 Spells                   Type           Power        Failure   Level  Hunger
 Hailstorm                Conj/Ice       ####....     5%          4    ####...
 Summon Ice Beast         Ice/Summ       ####....     5%          4    ####...


Dungeon Overview and Level Annotations

Branches:
Dungeon (2/15)

Altars:
Qazlal
Ru
Trog
Zin


Innate Abilities, Weirdness & Mutations

You can be seen from farther away. (+LOS)
You can swim through water.
You cover ground slowly.
You can hop short distances.


Message History

You hear some strange, mumbled words.
A puff of flame appears from out of thin air!
The puff of flame hits you. Something hits you.
* * * LOW HITPOINT WARNING * * *
You feel less confused.
Hop to where?
Press: ? - help, Dir - move target cursor Boing!
Unknown command.
It was a potion of brilliance.
You feel clever all of a sudden.
It was a potion of magic.
Magic courses through your body.
You hear some strange, mumbled words.
It was a potion of degeneration.
There was something very wrong with that liquid.
You feel weakened.
You feel dopey.
You feel clumsy.
A magic dart appears from out of thin air!
The magic dart hits you!
You die...

#........##8..?8# #
#........##.....#
#. #........#_..
#.##........##...
#..........###8..
#.#..#####..# ##>#
#......############
#
###.##.............
#.##@.########
#.....
#.............
#.....
######{#########
#....< #....{.#
#####. ##.##### #.
##.### .. #....# #.
####{# .. #.#### ##


There were no monsters in sight!

Vanquished Creatures
  An adder (D:2)
  An ooze (D:1)
  An adder skeleton (D:2)
  A worm (D:2)
  2 leopard geckos (D:1)
  An orc (D:2)
  A ball python (D:2)
  6 bats
  4 giant cockroaches
  2 goblins
  3 hobgoblins
  A jackal (D:1)
  2 frilled lizards (D:1)
  3 kobolds (D:1)
  A leopard gecko zombie (D:2)
  2 rats
32 creatures vanquished.

Notes
Turn   | Place    | Note
-------+----------+-------------------------------------------
     0 | D:1      | Napalmbreeze the Barachi Ice Elementalist began the quest
                  | for the Orb.
     0 | D:1      | Reached XP level 1. HP: 13/13 MP: 3/3
   109 | D:1      | Reached skill level 5 in Ice Magic
   185 | D:1      | Reached XP level 2. HP: 17/20 MP: 3/5
   270 | D:1      | Reached skill level 1 in Fighting
   649 | D:2      | Found a glowing silver altar of Zin.
   672 | D:2      | Reached XP level 3. HP: 20/26 MP: 2/6
   764 | D:2      | Learned a level 3 spell: Ozocubu's Armour
   933 | D:2      | Found a bloodstained altar of Trog.
  1391 | D:2      | Found a stormy altar of Qazlal.
  1393 | D:2      | Found a sacrificial altar of Ru.
  1645 | D:2      | Killed from afar by an orc wizard

Levels and vault maps discovered:
D:1:      dpeg_arrival_rooms_with_view, layout_rooms
D:2:      layout_basic, nicolae_overflow_hidden_temple, serial_undead,
          serial_undead_f, serial_undead_e, serial_undead_c, serial_undead_d

Skill      XL: |  1  2 |
---------------+-------+-----
Ice Magic      | 5 |  5.7
Fighting       | 1 |  1.8
Dodging        | |  2.1
Stealth        | |  1.7
Spellcasting   | |  2.7

Action                   || total
-------------------------++-------
Melee: Unarmed           ||    25
       Club              ||    13
 Cast: Freeze            ||    59
 Abil: Hop               ||     1
  Use: Potion            ||     3
  Eat: Ration            ||     1
Armor: Robe              ||    19
Dodge: Dodged            ||    70

Table legend:
 A = Non-vault XP
 B = Vault XP
 C = Vault XP percentage of total XP
 D = Non-vault monster count
 E = Vault monster count
 F = Vault count percentage of total count
                 A         B        C        D         E       F
            +---------+---------+-------+---------+---------+-------
      Total |      68 |       9 |  11.7 |      28 |       4 |  12.5
            +---------+---------+-------+---------+---------+-------
        D:1 |      29 |       3 |   9.4 |      14 |       2 |  12.5
        D:2 |      39 |       6 |  13.3 |      14 |       2 |  12.5
            +---------+---------+-------+---------+---------+-------
